Unix NetHack Version 5.0.0-0 post-release - last build May 22 2026 02:22:16 (99d1c3b6dc4b13757aaa5824b55bdea4e1e63757,branch:main).

Game began 2026-05-22 10:34:20, ended 2026-05-22 13:03:32.

FutureTim, lawful female human Valkyrie

            ---              -----
           --.--  ------    --.|.---                    ---     *
           |...---|....|    |."....---                 --.--   #0### ---
         --|.....-|.|..|    |........--                |...|# --###---.----
        --.|......|.|---    --........------- ---------|...# #|...........|
      ---.........|.| ---    ---.|.|.....|..---..--...--...-#--...........|
     --..........--.|--.--     ------........|............................----
    --..............|....|         |...........................--.##.......|.--
 ----....................|  ----   |...*..........................|#....#.....|
 |........).............--  |..|------.........................---|--#.###-..--
 |.....................-- ---..-|..------..----......#----........|  --## ----
 -----.....-.|.)......--  |.....|.................................----    ----
     --......|.......--   |......@@>........--..-##.#--..............|--- |..|
     --..-.----......|   --<|....---------......#*|..|---------...--.|..--|..|
     |.....| --...)%------.^|-----     --...--.-# ----      |....--|.....---.|
     |..---- |.....))......--          |....|---            |...-| |-........--
     |-..------.......------           |....---             ---..---.....---..|
     |....|.------.....|               ---....|               ---.......-- |..|
     --......|   --....|                 --...|                 |.......|  ----
      |..--..|    |..---                  |..--                 --.--.---
      --------    ----                    ----                   ------
FutureTim the Fighter       St:18 Dx:13 Co:18 In:8 Wi:8 Ch:10  Lawful
Dlvl:6  $:45 HP:0(57) Pw:13(13) AC:1  Xp:6 T:2964 

Latest messages:
 You see here a statue of a gnome king.
 Your oil lamp flickers.
 Restoring save file...
 Velkommen FutureTim, the human Valkyrie, welcome back to NetHack!
 You hear a chugging sound.
 You swap places with the peaceful watchman.
 This door is locked.
 This door is locked.
 This door is locked.
 In what direction? 6
 As you kick the door, it crashes open!
 A watchman yells:
 "Halt, thief!  You're under arrest!"
 An angry guard is approaching!
 The watchman wields a short sword!
 You hear someone cursing shoplifters.
 You hear an animal carcass being offered in sacrifice.
 Your oil lamp flickers considerably.
 The watchman wields a knife!
 The watchman thrusts her knife.
 The watchman hits!
 The watchman thrusts her knife.
 The watchman hits!
 The watch captain wields a long sword!
 The flask crashes on your head and breaks into shards.
 The smoky potion evaporates.
 This burns!
 Call a smoky potion: burns
 You hear someone cursing shoplifters.
 Your oil lamp seems about to go out.
 Your oil lamp has gone out.
 Are you waiting to get hit?  Use 'm' prefix to force a no-op (to rest).
 You climb up the stairs.
 The watch captain swings her long sword.
 The watch captain hits!
 The watch captain swings her long sword.
 The watch captain hits again!
 Are you sure you want to pray? [yn] (n) n
 Are you sure you want to pray? [yn] (n) y
 You begin praying to Tyr.
 You are surrounded by a shimmering light.
 The watch captain starts to attack you, but pulls back.
 The watch captain starts to attack you, but pulls back.
 The watch captain starts to attack you, but pulls back.
 You finish your prayer.
 You feel that Tyr is well-pleased.
 The watch captain swings her long sword.
 The watch captain hits!
 You die...
 Do you want your possessions identified? [ynq] (y) q

Inventory:
 Coins    ('$')
  $ - 45 gold pieces
 Weapons  (')')
  y - 6 blessed +1 arrows
  x - 17 +0 arrows
  t - 14 cursed -1 arrows
  u - a +3 bow
  b - a blessed +0 dagger (alternate weapon; not wielded)
  p - 3 +0 daggers
  a - a +2 spear (weapon in right hand)
 Armor    ('[')
  j - a cursed -1 pair of fumble boots
  f - an uncursed +0 pair of high boots (being worn)
  K - a cursed -1 pair of iron shoes
  c - an uncursed +3 small shield (being worn)
  L - an uncursed +0 dwarvish cloak
  n - an uncursed +0 studded leather armor (being worn)
 Comestibles  ('%')
  k - an uncursed slime mold
  d - 3 uncursed food rations
  r - an uncursed tripe ration
 Scrolls  ('?')
  i - an uncursed scroll of light
  z - a blessed scroll of magic mapping
  o - a cursed scroll of teleportation
 Potions  ('!')
  H - a blessed potion of extra healing
  l - an uncursed potion of extra healing
  F - an uncursed potion of fruit juice
  G - an uncursed potion of healing
 Rings    ('=')
  q - an uncursed ring of cold resistance
 Wands    ('/')
  A - a wand of striking (0:6)
  v - a wand of striking (0:4)
  I - a wand of striking (0:2)
 Tools    ('(')
  B - a magic marker (0:83)
  h - a magic marker (0:46)
  s - an uncursed mirror
  e - an uncursed oil lamp
  M - an uncursed oil lamp
  D - an uncursed stethoscope
 Gems/Stones  ('*')
  m - an uncursed jasper stone

FutureTim the Valkyrie's attributes:

Background:
 You were a Fighter, a level 6 human Valkyrie.
 You were lawful, on a mission for Tyr
 who was opposed by Odin (neutral) and Loki (chaotic).
 You were right-handed.
 You were in the Gnomish Mines, on level 6.
 You entered the dungeon 2964 turns ago.
 You had 544 experience points, 96 more were needed to attain level 7.

Basics:
 You had 0 out of 57 hit points.
 You had all 13 energy points (spell power).
 Your armor class was 1.
 Your wallet contained 45 zorkmids.
 Autopickup was off.

Final Characteristics:
 Your strength was 18 (limit:18/100).
 Your dexterity was 13 (limit:18).
 Your constitution was 18 (limit:18).
 Your intelligence was 8 (limit:18).
 Your wisdom was 8 (limit:18).
 Your charisma was 10 (limit:18).

Final Status:
 You weren't hungry.
 You were unencumbered.
 You were wielding a spear.
 You were skilled in spear.

Final Attributes:
 You were piously aligned.
 You were cold resistant.
 You were telepathic.
 You were stealthy.
 You were warded.
 You were fast.
 You are dead.

Miscellaneous:
 You didn't encounter any bones levels.
 Total elapsed playing time was 1 hour, 54 minutes and 30 seconds.

Major events:
 Turn
    1: FutureTim the lawful human Valkyrie entered the dungeon
 1126: attained the rank of Skirmisher (level 3)
 1572: entered the Gnomish Mines
 1750: reached Mine Town
 2525: attained the rank of Fighter (level 6)
 2964: killed by a watch captain

Spells:
 Name                 Level Category     Fail Retention
 detect monsters        1   divination    68%  76%-100%

Skills:
 Fighting Skills
   bare handed combat [Unskilled]
   two weapon combat  [Unskilled]
   riding             [Unskilled]
 Weapon Skills
   dagger             [Basic]
   axe                [Unskilled]
   pick-axe           [Unskilled]
   short sword        [Unskilled]
   broadsword         [Unskilled]
   long sword         [Unskilled]
   two-handed sword   [Unskilled]
   saber              [Unskilled]
   hammer             [Unskilled]
   quarterstaff       [Unskilled]
   polearms           [Unskilled]
   spear              [Skilled]
   trident            [Unskilled]
   lance              [Unskilled]
   sling              [Unskilled]
 Spellcasting Skills
   attack spells      [Unskilled]
   escape spells      [Unskilled]

Voluntary challenges:
 Character rerolling was not enabled.
 You never genocided any monsters.
 You never polymorphed an object.
 You never changed form.
 You used no wishes.
Achievements:
 You entered a shop.
 You attained the rank of Skirmisher.
 You entered the Gnomish Mines.
 You entered Minetown.
 You entered a temple.
 You attained the rank of Fighter.

 The Dungeons of Doom: levels 1 to 5
    Level 1:
    Level 2:
       An armor shop, some fountains.
    Level 3:
    Level 4:
       A fountain.
       Stairs down to The Gnomish Mines.
    Level 5:
       A fountain.
 The Gnomish Mines: levels 5 to 7
    Level 5:
    Level 6: <- You were here.
       Final resting place for
          you, killed by a watch captain.
    Level 7:
       Some shops, a temple and an altar, many fountains.


Vanquished creatures:
  a large mimic
  a dingo
  a human zombie
  a yellow light
  6 gnome leaders
  3 gnomish wizards
  a gray ooze
  a little dog
  a floating eye
  2 dwarves
  2 homunculi
  a giant bat
  2 orc zombies
  2 dwarf zombies
  a wererat
  a werejackal
  a coyote
  a large kobold
  a giant rat
  a cave spider
  3 yellow molds
  a green mold
 19 gnomes
  a gnome zombie
  2 geckos
  a jackal
  a kobold
  a goblin
  4 lichens
  2 kobold zombies
  6 newts
72 creatures vanquished.

No species were genocided or became extinct.

Game over:
                       ----------
                      /          \
                     /    REST    \
                    /      IN      \
                   /     PEACE      \
                  /                  \
                  |    FutureTim     |
                  |      45 Au       |
                  |   killed by a    |
                  |  watch captain   |
                  |                  |
                  |                  |
                  |       2026       |
                 *|     *  *  *      | *
        _________)/\\_//(\/(/\)/\//\/|_)_______

Farvel FutureTim the Valkyrie...

You died in The Gnomish Mines on dungeon level 6 with 2547 points,
and 45 pieces of gold, after 2964 moves.
You were level 6 with a maximum of 57 hit points when you died.

